 Dungeon Crawl Stone Soup version 0.30-a0-883-g5ad918d77d (console) character file.

Game seed: 8246290322506409356

730 petzl the Magician (level 8, -1/58 HPs)
             Began as a Formicid Delver on Mar 17, 2023.
             Slain by an ogre
             ... wielding a +0 giant spiked club
              (26 damage)
             ... on level 5 of the Dungeon.
             The game lasted 00:30:11 (7415 turns).

petzl the Magician (Formicid Delver)                Turns: 7415, Time: 00:30:12

Health: -1/58      AC:  3    Str: 17    XL:     8   Next: 3%
Magic:  19/19      EV: 12    Int: 12    God:
Gold:   310        SH:  0    Dex: 15    Spells: 20/22 levels left

rFire   . . .      SeeInvis +    t - +0 quarterstaff (heavy)
rCold   . . .      Faith    .    (no shield)
rNeg    . . .      Spirit   .    b - +0 leather armour
rPois   .          Reflect  .    (helmet unavailable)
rElec   .          Rampage  .    (no cloak)
rCorr   .                        (no gloves)
Will    .....                    (no boots)
Stlth   +++                      (no amulet)
HPRegen 0.29/turn                s - ring of wizardry
MPRegen 0.16/turn                (no ring)

@: no status effects
A: permanent stasis, dig shafts and tunnels, antennae 3, four strong arms
a: Dig, Shaft Self


You were on level 5 of the Dungeon.
You visited 1 branch of the dungeon, and saw 9 of its levels.

You collected 310 gold pieces.

Inventory:

Hand Weapons
 h - a +0 rapier
 t - a +0 heavy quarterstaff (weapon)
Missiles
 g - 7 poisoned darts (quivered)
Armour
 b - a +0 leather armour (worn)
Magical Staves
 r - a staff of air
Jewellery
 s - a ring of wizardry (left hand)
Wands
 f - a wand of digging (6)
Scrolls
 a - a scroll of enchant armour {unknown}
 c - a scroll of fog
 d - 5 scrolls of magic mapping
 j - 2 scrolls of poison
 k - 2 scrolls of teleportation {unknown}
 m - 2 scrolls of silence {unknown}
 n - a scroll of fear
 p - 2 scrolls of acquirement {unknown}
 u - a scroll of butterflies
 v - a scroll of torment
 x - a scroll of immolation {unknown}
Potions
 e - a potion of flight {unknown}
 i - 2 potions of haste {unknown}
 l - a potion of ambrosia {unknown}
 o - a potion of curing
 q - 3 potions of heal wounds {unknown}
 w - a potion of mutation {unknown}


   Skills:
 - Level 3.2 Fighting
 - Level 2.0 Maces & Flails
 + Level 1.2 Armour
 - Level 2.0 Dodging
 + Level 6.3 Stealth
 + Level 7.5 Spellcasting
 + Level 0.8 Conjurations
 + Level 0.6 Air Magic
 + Level 1.1 Evocations


You had 20 spell levels left.
You knew the following spells:

 Your Spells              Type           Power      Damage    Failure   Level
a - Static Discharge      Conj/Air       12%        2-3/arc   9%          2

Your spell library contained the following spells:

 Spells                   Type           Power      Damage    Failure   Level
 Vhi's Electric Charge    Tloc/Air       10%        N/A       19%         3
 Arcjolt                  Conj/Air       3%         1d13      80%         5
 Lightning Bolt           Conj/Air       3%         1d14      80%         5


Dungeon Overview and Level Annotations

Branches:
Dungeon (9/15)             Temple (0/1) D:6
   Lair: D:8-11         Orc: D:9-12

Altars:
Dithmenos
Uskayaw
Yredelemnul

Annotations:
D:4 Menkaure
D:5 Edmund, Grinder
D:6 exclusions: downstairs, jelly, scorpion and sky beast
D:8 exclusions: downstairs, orc and sensed monster (detected)


Innate Abilities, Weirdness & Mutations

You cannot be hasted, slowed, berserked, paralysed or teleported.
You can dig through walls and to a lower floor.
You have a pair of large antennae on your head. (SInv)
Your four strong arms can wield two-handed weapons with a shield.


Message History

Found a leather armour.
Unknown command.
Unknown command.
You see here a +0 leather armour.
An ogre is nearby!
Throw: 11 darts (poison)
Press: ? - help, Q - select action, (/) - cycle Shift-Dir - straight line, f - ogre
Aim: an ogre, wielding a +0 giant spiked club (wandering, hasn't noticed you, 74% to hit)
You throw a poisoned dart. The poisoned dart hits the ogre.
The ogre is poisoned.
The ogre shouts!
Throw: 10 darts (poison)
Press: ? - help, Q - select action, (/) - cycle Shift-Dir - straight line, f/p - ogre
Aim: an ogre, wielding a +0 giant spiked club (lightly wounded, poisoned, 74% to hit)
You throw a poisoned dart. The poisoned dart hits the ogre.
The ogre is lightly wounded.
Throw: 9 darts (poison)
Press: ? - help, Q - select action, (/) - cycle Shift-Dir - straight line, f - you Really target yourself?
Okay, then.
Unknown command.
Throw: 9 darts (poison)
Press: ? - help, Q - select action, (/) - cycle Shift-Dir - straight line, f - ogre
Aim: an ogre, wielding a +0 giant spiked club (lightly wounded, 74% to hit)
You throw a poisoned dart. The poisoned dart hits the ogre.
The ogre is lightly wounded.
Throw: 8 darts (poison)
Press: ? - help, Q - select action, (/) - cycle Shift-Dir - straight line, f/p - ogre
Aim: an ogre, wielding a +0 giant spiked club (74% to hit)
You throw a poisoned dart. The poisoned dart hits the ogre.
You hit the ogre.
The ogre is lightly wounded.
The ogre barely misses you. The ogre closely misses you.
You hit the ogre but do no damage.
The ogre is lightly wounded.
The ogre hits you with a +0 giant spiked club!!
Ouch! That really hurt!
Are you sure you want to shaft yourself?
The ogre hits you with a +0 giant spiked club!!
You die...

≈≈~.# #. #.# #.....o÷...##.# ≈≈~.#
#. #.# #.#####.##.##.# ≈≈~.# #. #.#
#.# #.##.##.# ≈≈~.# ##.# ##.## #.#
#.##.##.# ≈≈~.###...# ##...###.#
#.##.##.# ≈≈~.##.....###.###)##.#
#.##.##.# ~~~.#)......#O.#
#....#####.......#
....#...)......###.............####
+####.......###.....############ .#
#.....# ##.......# .#
##...#######...##.# ######## ..
..............## # #..Oo.o) .#
##...########## #.###### .# ## .#
#.###### #......# #.# ######.######
#.# #......((O@.# #.# #.####.####.#
# #.# #.# #.####.###.# # #.# #.#
#.[........# # #.# #.# #..........#
# #.# #{#####.###.#####
###.####.....(.....#
..........(....#####
....############ #####


You could see an ogre.

Vanquished Creatures
  An ogre (D:4)
  A gnoll sergeant (D:5)
  A howler monkey (D:5)
  2 jellies (D:3)
  4 hounds
  An orc priest (D:5)
  Ijyb (D:5)
  An iguana (D:6)
  2 orc wizards
  4 gnolls
  6 adders
  A white imp (D:4)
  An ufetubus (D:5)
  A worm (D:2)
  2 dart slugs
  12 orcs
  4 bats
  15 endoplasms
  3 giant cockroaches
  8 goblins
  6 hobgoblins
  4 jackals
  4 quokkas
  12 ball pythons
  3 frilled lizards
  15 kobolds
  8 rats
123 creatures vanquished.

Vanquished Creatures (others)
  A plant (D:2)
  10 toadstools (D:3)
11 creatures vanquished.

Grand Total: 134 creatures vanquished

Notes
Turn   | Place    | Note
-------+----------+-------------------------------------------
     0 | D:5      | petzl the Formicid Delver began the quest for the Orb.
     0 | D:5      | Reached XP level 1. HP: 18/18 MP: 1/1
    60 | D:6      | Noticed a black bear
    87 | D:6      | Noticed an orc warrior
    87 | D:6      | Noticed an orc wizard
    87 | D:6      | Noticed an orc priest
    87 | D:6      | Found a staircase to the Ecumenical Temple.
   108 | D:6      | Noticed a scorpion
   178 | D:6      | Found a shadowy altar of Dithmenos.
   239 | D:8      | Noticed an unseen horror
   316 | D:9      | Noticed an acid dragon
   374 | D:7      | Noticed an orc wizard
   397 | D:7      | Noticed an ice beast
   433 | D:6      | Noticed a jelly
   484 | D:6      | Noticed an iguana
   530 | D:5      | Noticed Grinder
   603 | D:4      | Noticed Menkaure
   629 | D:4      | Noticed a hound
   635 | D:4      | Noticed a hound
   688 | D:3      | Reached skill level 1 in Spellcasting
   741 | D:3      | Reached XP level 2. HP: 24/24 MP: 4/4
   832 | D:2      | Reached skill level 2 in Spellcasting
   949 | D:2      | Reached XP level 3. HP: 29/29 MP: 6/6
  1366 | D:1      | Reached skill level 3 in Spellcasting
  1602 | D:1      | Found a faded altar of an unknown god.
  1692 | D:1      | Reached XP level 4. HP: 35/35 MP: 8/8
  2828 | D:2      | Reached skill level 4 in Spellcasting
  3287 | D:3      | Reached XP level 5. HP: 41/41 MP: 11/11
  3798 | D:3      | You fall into a shaft and drop 3 floors!
  4018 | D:4      | You fall into a shaft and drop 3 floors!
  4339 | D:5      | Reached skill level 5 in Spellcasting
  4464 | D:5      | Reached XP level 6. HP: 45/47 MP: 13/13
  4496 | D:5      | Noticed Edmund
  4546 | D:5      | You fall into a shaft and drop 2 floors!
  4618 | D:7      | Found a basalt altar of Yredelemnul.
  4787 | D:6      | Reached skill level 6 in Spellcasting
  4819 | D:6      | Noticed a sky beast
  4927 | D:4      | Found a hide-covered altar of Uskayaw.
  5464 | D:3      | Reached XP level 7. HP: 52/52 MP: 16/16
  5666 | D:4      | Reached skill level 7 in Spellcasting
  5997 | D:4      | Learned a level 2 spell: Static Discharge
  6264 | D:5      | Noticed Ijyb
  6351 | D:5      | Killed Ijyb
  6491 | D:4      | You fall into a shaft and drop 1 floor!
  6849 | D:5      | Reached skill level 1 in Armour
  6849 | D:5      | Reached skill level 1 in Evocations
  6941 | D:5      | Reached XP level 8. HP: 19/58 MP: 17/19
  7415 | D:5      | Slain by an ogre

Illustrated notes

Levels and vault maps discovered:
D:1:      dpeg_arrival_tiny_d, layout_basic,
          hellmonk_ecumenical_altar_crossroads
D:2:      layout_loops_ring, serial_forest, infiniplex_forest_straight_2,
          infiniplex_forest_lined_room_, infiniplex_forest_end_3,
          infiniplex_forest_end_2, minmay_misc_feat_nine_boxes,
          kennysheep_generic_room_16
D:3:      cheibrodos_fertilizer, layout_loops_ring
D:4:      layout_rooms, old_standard_altar, uniq_menkaure
D:5:      layout_loops_ring, nrook_pool_corridor, uniq_grinder, uniq_ijyb,
          uniq_edmund
D:6:      layout_basic, nicolae_sif_muna_little_library,
          nicolae_dithmenos_through_a_glass_darkly, temple_fountains,
          ebering_ghost_rock_garden, minivault_25
D:7:      layout_rooms, lemuel_crystal_altar, overflow_temple_1_default,
          mainiacjoe_overflow_brackets, minmay_a_box_with_orc_wizards_in_it
D:8:      layout_basic, serial_glass, glass_columns_a, glass_columns_a,
          feat_on_display, unseen_surprise_small, item_on_display_a,
          minmay_strange_pillars
D:9:      layout_loops_cross, erik_orc_1, minmay_crystal_water,
          nicolae_figureground_sparkle, uniq_psyche

Skill      XL: |  1  2  3  4  5  6  7 |
---------------+----------------------+-----
Spellcasting   | 1 2 3 4 5 6 7 |  7.5
Dodging        | 2 |  2.0
Armour         | 1 |  1.2
Evocations     | 1 |  1.1
Fighting       | |  3.2
Maces & Flails | |  2.0
Stealth        | |  6.3
Conjurations   | |  0.8
Air Magic      | |  0.6

Action                     |  1- 3 |  4- 6 |  7- 9 || total
---------------------------+-------+-------+-------++-------
  Melee: Mace              |   116 |   136 |       ||   252
         Punch             |       |     3 |     1 ||     4
         Quarterstaff      |       |    46 |    73 ||   119
  Throw: Dart              |       |    12 |    32 ||    44
Ability: Shaft Self        |       |     3 |     2 ||     5
  Evoke: Wand              |     1 |     2 |       ||     3
    Use: Scroll            |       |     7 |     1 ||     8
         Potion            |       |     1 |     1 ||     2
   Stab: Sleeping          |     4 |    13 |     4 ||    21
 Armour: Leather armour    |    35 |    44 |     9 ||    88
  Dodge: Dodged            |   118 |   130 |    68 ||   316

Table legend: (Time is in decaauts)
 A = Elapsed time spent in this place.
 B = Non-inter-level travel time spent in this place.
 C = Inter-level travel time spent in this place.
 D = Time resting spent in this place.
 E = Time spent auto-exploring this place.
 F = Levels seen in this place.
 G = Mean time per level.
                   A        B        C        D        E       F      G
               +--------+--------+--------+--------+--------+-----+--------+
         Total |   7595 |   7194 |    401 |   1657 |   2995 |   9 |  843.9 |
       Dungeon |   7595 |   7194 |    401 |   1657 |   2995 |   9 |  843.9 |
               +--------+--------+--------+--------+--------+-----+--------+

Top non-repeatable levels by time:
     D:5: 1523 daAuts
     D:2: 1330 daAuts
     D:3: 1247 daAuts
     D:1: 1192 daAuts
     D:4: 912 daAuts
     D:6: 844 daAuts
     D:7: 420 daAuts
     D:8: 122 daAuts
     D:9: 1 daAuts
